 Dungeon Crawl Stone Soup version 0.28-a0-479-g5baa6b73be (webtiles) character file.

Game seed: 13339864177466109548

2407 Conn the Firebug (level 9, -6/54 HPs)
             Began as an Octopode Fire Elementalist on Sept 18, 2021.
             Was a Follower of Sif Muna.
             Killed by an exploding wyvern zombie (31 damage)
             ... ignited by their inner flame
             ... on level 7 of the Dungeon.
             The game lasted 00:20:33 (8118 turns).

Conn the Firebug (Octopode Fire Elementalist)       Turns: 8118, Time: 00:20:33

Health: -6/54      AC:  1    Str:  8    XL:     9   Next: 47%
Magic:  0/18       EV: 14    Int: 20    God:    Sif Muna [*.....]
Gold:   333        SH:  0    Dex: 12    Spells: 9/20 levels left

rFire   . . .      SeeInvis .   c - +1 short sword (holy)
rCold   . . .      Faith    .   (no shield)
rNeg    . . .      Spirit   +   (helmet restricted)
rPois   .          Reflect  .   u - amulet of guardian spirit
rElec   .          Harm     .   (no ring)
rCorr   .          Rampage  .   (no ring)
Will    .....                   (no ring)
Stlth   ++++......              (no ring)
HPRegen 0.18/turn               (no ring)
MPRegen 0.16/turn               (no ring)
                                (no ring)
                                (no ring)

@: no status effects
A: almost no armour, amphibious, 8 rings, camouflage 1, gelatinous body 1,
(nimble swimmer 1), tentacles
a: Renounce Religion, Channel Magic


You were on level 7 of the Dungeon.
You worshipped Sif Muna.
Sif Muna was aware of your devotion.
You visited 2 branches of the dungeon, and saw 8 of its levels.

You collected 333 gold pieces.

Inventory:

Hand Weapons
 c - a +1 short sword of holy wrath (weapon)
 p - a +0 longbow
 q - a +0 battleaxe of electrocution
Missiles
 r - 3 curare-tipped darts
Jewellery
 u - an amulet of guardian spirit (around mantle)
Wands
 m - a wand of paralysis (4)
Scrolls
 a - 6 scrolls of teleportation
 b - 3 scrolls of noise
 e - a scroll of summoning {unknown}
 f - a scroll of vulnerability {unknown}
 i - 2 scrolls of magic mapping
 l - 3 scrolls of amnesia {unknown}
 o - a scroll of enchant weapon {unknown}
 s - a scroll of immolation {unknown}
 t - 2 scrolls of blinking {unknown}
 w - a scroll of holy word {unknown}
 x - 2 scrolls of identify
Potions
 d - 2 potions of might
 g - a potion of attraction
 h - a potion of magic
 j - a potion of berserk rage
 k - a potion of lignification
 n - 3 potions of heal wounds {unknown}
 v - 2 potions of brilliance {unknown}


   Skills:
 + Level 1.9 Fighting
 + Level 2.1 Short Blades
 + Level 3.4 Dodging
 + Level 5.3 Stealth
 + Level 0.6 Unarmed Combat
 + Level 6.3 Spellcasting
 + Level 5.7 Conjurations
 + Level 0.8 Hexes
 + Level 7.3 Fire Magic


You had 9 spell levels left.
You knew the following spells:

 Your Spells              Type           Power      Damage    Failure   Level
a - Foxfire               Conj/Fire      100%       2x1d9     1%          1
b - Conjure Flame         Conj/Fire      32%        6-21      1%          3
c - Inner Flame           Hex/Fire       22%        N/A       6%          3
d - Flame Wave            Conj/Fire      32%        3d7       7%          4

Your spell library contained the following spells:

 Spells                   Type           Power      Damage    Failure   Level
 Scorch                   Fire           70%        2d9       1%          2
 Passage of Golubria      Tloc           N/A        N/A       69%         4
 Petrify                  Tmut/Erth      6%         N/A       69%         4
 Metabolic Englaciation   Hex/Ice        3%         N/A       94%         5
 Silence                  Hex/Air        3%         N/A       94%         5
 Statue Form              Tmut/Erth      4%         N/A       100%        6
 Lehudib's Crystal Spear  Conj/Erth      8%         10d4      100%        8


Dungeon Overview and Level Annotations

Branches:
Dungeon (7/15)             Temple (1/1) D:4

Altars:
Ashenzari
Cheibriados
Dithmenos
Elyvilon
Fedhas
Gozag
Hepliaklqana
Kikubaaqudgha
Makhleb
Nemelex Xobeh
Okawaru
Qazlal
Ru
Sif Muna
Trog
Uskayaw
Vehumet
Wu Jian
Xom
Yredelemnul
Zin
The Shining One


Innate Abilities, Weirdness & Mutations

You cannot wear most types of armour.
You are amphibious.
You can wear up to eight rings at the same time.
Your skin changes colour to match your surroundings (Stealth+).
Your rubbery body absorbs attacks. (AC +1, EV +1)
((You are camouflaged near water. (Stealth+)))
You have tentacles for arms and can constrict up to eight enemies at once.


Message History

The wyvern zombie is lightly damaged.
The wyvern zombie bites you! The wyvern zombie barely misses you.
You barely miss the wyvern zombie.
The wyvern zombie is lightly damaged.
The wyvern zombie closely misses you.
You hit the wyvern zombie.
The wyvern zombie convulses.
The wyvern zombie is moderately damaged.
The wyvern zombie bites you! The wyvern zombie bites you.
Casting: Foxfire (safe; 1% risk of failure)
Confirm with . or Enter, or press ? or * to list all spells.
Aiming: Inner Flame (dangerous; 6% risk of failure)
Press: ? - help, Shift-Dir - straight line, f - wyvern zombie
Aim: a wyvern zombie (moderately damaged, chance to affect: 86%)
The wyvern zombie is filled with an inner flame.
The wyvern zombie bites you!
Unknown command.
Casting: Inner Flame (dangerous; 6% risk of failure)
Confirm with . or Enter, or press ? or * to list all spells.
You conjure some foxfire!
The wyvern zombie closely misses you.
Unknown command.
The foxfire hits the wyvern zombie.
Flame seeps out of the wyvern zombie.
The wyvern zombie is moderately damaged.
The foxfire hits the wyvern zombie.
Flame seeps out of the wyvern zombie.
The wyvern zombie is heavily damaged.
The wyvern zombie is engulfed in blazing flames.
Flame seeps out of the wyvern zombie.
The wyvern zombie misses you.
Unknown command.
Casting: Foxfire (safe; 1% risk of failure)
Confirm with . or Enter, or press ? or * to list all spells.
Casting: Flame Wave (dangerous; 7% risk of failure)
Press: ? - help, Dir - look around, f - activate A wave of flame ripples out!
The flame wave engulfs the wyvern zombie!
Sif Muna accepts your kill. (Press . to intensify the flame waves.)
The wyvern zombie explodes!
The fiery explosion engulfs you!!
Ouch! That really hurt!
You die...

##########.#......
#..........#......
#.##########...... #>#
............. #.#
#####...... #.# #.#####
#.# #.##### #.#
######.#.... #@#
.............
.######§#########.##.##.
......§§§...............
#######°#########.##.##.
#.# #. #.... #.# #.
####. #.# #. #. #.#
#####) #.# #.....


There were no monsters in sight!

Vanquished Creatures
  A yak (D:5)
  3 water moccasins
  2 sky beasts
  A black bear (D:7)
  3 necrophages (D:6)
  4 ogres
  A centaur (D:5)
  A phantom (D:6)
  Blork the orc (D:4)
  A wyvern zombie (D:7)
  A scorpion (D:6)
  2 water moccasin skeletons (D:7)
  A centaur zombie (D:7)
  7 hounds
  3 jellies
  An orc priest (D:4)
  Jessica (D:2)
  A bullfrog skeleton (D:6)
  3 iguanas
  2 orc wizards
  A hound skeleton (D:4)
  4 gnolls
  3 adders
  4 ufetubi
  A dart slug (D:2)
  9 orcs
  4 bats
  4 endoplasms
  5 giant cockroaches
  5 goblins
  5 hobgoblins
  6 jackals
  2 quokkas
  6 ball pythons
  7 frilled lizards
  3 kobolds
  3 rats
112 creatures vanquished.

Vanquished Creatures (others)
  380 foxfires
  4 plants (D:4)
384 creatures vanquished.

Grand Total: 496 creatures vanquished

Notes
Turn   | Place    | Note
-------+----------+-------------------------------------------
     0 | D:1      | Conn the Octopode Fire Elementalist began the quest for the
                  | Orb.
     0 | D:1      | Reached XP level 1. HP: 11/11 MP: 3/3
   227 | D:1      | Found a faded altar of an unknown god.
   309 | D:1      | Reached XP level 2. HP: 17/17 MP: 1/5
   974 | D:2      | Found a broken altar of Ashenzari.
   985 | D:2      | Reached XP level 3. HP: 21/21 MP: 2/6
  1546 | D:2      | Reached XP level 4. HP: 27/27 MP: 4/7
  1616 | D:2      | Noticed Jessica
  1620 | D:2      | Killed Jessica
  1621 | D:2      | Reached skill level 4 in Fire Magic
  2209 | D:3      | Reached XP level 5. HP: 27/32 MP: 2/8
  2918 | D:4      | Found a staircase to the Ecumenical Temple.
  2925 | Temple   | Entered the Ecumenical Temple
  3193 | D:3      | Learned a level 3 spell: Conjure Flame
  3197 | D:3      | Learned a level 3 spell: Inner Flame
  3590 | D:4      | Noticed Blork the orc
  3601 | D:4      | Killed Blork the orc
  3602 | D:4      | Reached skill level 1 in Fighting
  3602 | D:4      | Reached skill level 1 in Short Blades
  3602 | D:4      | Reached XP level 6. HP: 32/38 MP: 1/10
  3612 | D:4      | Found a shimmering blue altar of Sif Muna.
  3620 | D:4      | Became a worshipper of Sif Muna the Loreminder
  4427 | D:5      | Entered Level 5 of the Dungeon
  4431 | D:5      | Noticed a water moccasin
  4437 | D:5      | Killed a water moccasin
  4438 | D:5      | Reached XP level 7. HP: 43/43 MP: 5/12
  4443 | D:5      | Learned a level 4 spell: Flame Wave
  4555 | D:5      | Reached skill level 5 in Fire Magic
  4935 | D:5      | Found a snail-covered altar of Cheibriados.
  5085 | D:5      | Noticed a yak
  5403 | D:5      | Killed a yak
  5404 | D:5      | Reached XP level 8. HP: 48/48 MP: 7/14
  5586 | D:6      | Reached skill level 5 in Stealth
  5688 | D:6      | Reached skill level 6 in Fire Magic
  5908 | D:6      | Reached skill level 5 in Spellcasting
  6350 | D:6      | Reached skill level 5 in Conjurations
  6475 | D:6      | Reached XP level 9. HP: 53/53 MP: 11/17
  7065 | D:7      | Reached skill level 7 in Fire Magic
  7121 | D:7      | Reached * piety under Sif Muna
  7537 | D:7      | Identified the +6 ring mail of Hariat {+Inv Str+10 Dex-4}
  8118 | D:7      | Killed by an exploding wyvern zombie... ignited by their
                  | inner flame

Illustrated notes

Levels and vault maps discovered:
D:1:      dpeg_arrival_round_a, layout_loops_ring,
          ebering_ecumenical_altar_rust, columned_hall_lemuel,
          minmay_lizard_pond
D:2:      layout_loops_ring, basic_altar, uniq_jessica
D:3:      layout_loops_ring, minmay_strange_pillars
D:4:      layout_loops_ring, tgw_sif, minmay_temple_entry_enclosed_plants
D:5:      layout_cave_pools, mainiacjoe_overflow_alcove_2, minmay_small_thing
D:6:      layout_basic
D:7:      layout_basic, hangedman_decor_riveting, kennysheep_windowed_goal
Temple:   regret_index_temple_chain_breaker

Skill      XL: |  1  2  3  4  5  6  7  8  9 |
---------------+----------------------------+-----
Stealth        | 3 4 5 |  5.3
Fire Magic     | 4 5 6 7 |  7.3
Fighting       | 1 |  1.9
Short Blades   | 1 2 |  2.1
Spellcasting   | 3 4 5 6 |  6.3
Conjurations   | 2 3 5 |  5.7
Dodging        | 3 |  3.4
Unarmed Combat | |  0.6
Hexes          | |  0.8

Action                   |  1- 3 |  4- 6 |  7- 9 || total
-------------------------+-------+-------+-------++-------
Melee: Unarmed           |    14 |    10 |       ||    24
       Constrict         |     5 |    11 |     7 ||    23
       Short sword       |       |    28 |    39 ||    67
       Tentacles         |       |     6 |     8 ||    14
       Punch             |       |       |     2 ||     2
 Cast: Foxfire           |    50 |    74 |    99 ||   223
       Conjure Flame     |       |     1 |     7 ||     8
       Flame Wave        |       |       |     3 ||     3
       Inner Flame       |       |       |     8 ||     8
  Use: Potion            |       |     4 |       ||     4
       Scroll            |       |     5 |     3 ||     8
 Stab: Sleeping          |       |     2 |     4 ||     6
Armor: Skin              |     7 |     2 |     7 ||    16
Dodge: Dodged            |    35 |    31 |    40 ||   106

Table legend: (Time is in decaauts)
 A = Elapsed time spent in this place.
 B = Non-inter-level travel time spent in this place.
 C = Inter-level travel time spent in this place.
 D = Time resting spent in this place.
 E = Time spent auto-exploring this place.
 F = Levels seen in this place.
 G = Mean time per level.
                   A        B        C        D        E       F      G
               +--------+--------+--------+--------+--------+-----+--------+
         Total |   8100 |   8006 |     94 |    619 |   5439 |   8 | 1012.5 |
       Dungeon |   7887 |   7814 |     73 |    619 |   5405 |   7 | 1126.7 |
        Temple |    212 |    191 |     21 |      0 |     34 |   1 |  212.0 |
               +--------+--------+--------+--------+--------+-----+--------+

Top non-repeatable levels by time:
     D:4: 1556 daAuts
     D:6: 1472 daAuts
     D:7: 1141 daAuts
     D:5: 1076 daAuts
     D:1: 947 daAuts
     D:2: 904 daAuts
     D:3: 789 daAuts
  Temple: 212 daAuts
